 Dungeon Crawl Stone Soup version 0.14-a0-1546-g4b4961f (webtiles) character file.

14758 M4edhros the Green Death (level 12, -10/72 HPs)
             Began as an Octopode Chaos Knight on Dec 19, 2013.
             Was an Elder of Fedhas.
             Shot with an arrow of frost by a centaur warrior (22 damage)
             ... on Level 13 of the Dungeon.
             The game lasted 00:45:52 (13698 turns).

M4edhros the Green Death (Octopode Chaos Knight)   Turns: 13698, Time: 00:45:52

HP -10/72        AC  4     Str 11      XL: 12   Next: 12%
MP  32/32        EV 13     Int 20      God: Fedhas [****..]
Gold 736         SH  0     Dex 15      Spells:  0 memorised, 11 levels left

rFire  + . .     SeeInvis .     b - +4 rod of inaccuracy (11/11)
rCold  x . .     Clarity  +     (no shield)
rNeg   . . .     Conserve .     I - +1 wizard hat
rPois  .         rCorr    .     l - amulet of clarity
rElec  .         rRot     .     f - ring of teleport control
SustAb . .       Spirit   .     i - +2 ring of protection
rMut   .         Warding  .     k - ring of protection from magic
Saprov . . .     Stasis   .     G - ring of fire
                                D - ring of protection from magic
                                H - +4 ring of dexterity
                                (no ring)
                                (no ring)

@: very resistant to hostile enchantments, fairly stealthy
A: almost no armour, amphibious, 8 rings, constrict 8, spike 1, camouflage 1,
deterioration 1, high mp 2, wild magic 1, gelatinous body 1
a: Evolution, Sunlight, Growth, Reproduction, Renounce Religion, Evoke Teleport
Control


You were on level 13 of the Dungeon.
You worshipped Fedhas.
Fedhas was greatly pleased with you.
You were hungry.

You visited 2 branches of the dungeon, and saw 14 of its levels.
You also visited: Sewer.

You collected 736 gold pieces.

Inventory:

Hand weapons
 a - a +1,+0 halberd
 n - a +0 blowgun
 s - a +0,+0 spear of chaos
Missiles
 o - 5 curare-tipped needles
Armour
 I - a +1 wizard hat (worn)
Magical devices
 e - a wand of digging (13)
 y - a wand of disintegration (0)
 z - a wand of confusion (13)
 J - a wand of slowing (5)
 K - a wand of heal wounds (0)
 O - a wand of flame (7)
Comestibles
 c - 5 bread rations
 j - 4 apples
 v - 2 pears
 E - 5 meat rations
 F - a choko
 M - a rambutan
Scrolls
 d - 5 scrolls of teleportation
 h - 3 scrolls of remove curse
 t - a scroll of fog
 P - a scroll of magic mapping
Jewellery
 f - a ring of teleport control (left tentacle)
 i - a +2 ring of protection (right tentacle)
 k - a ring of protection from magic (on tentacle)
 l - an amulet of clarity (around mantle)
 D - a ring of protection from magic (on tentacle)
 G - a ring of fire (on tentacle)
 H - a +4 ring of dexterity (on tentacle)
 Q - an uncursed ring of teleportation
Potions
 p - 4 potions of curing
 r - 2 potions of speed
 w - a potion of magic
 B - a potion of porridge
 L - 2 potions of heal wounds
 V - a potion of agility
Miscellaneous
 T - a legendary deck of changes {drawn: 3}
Rods
 b - a +4 rod of inaccuracy (11/11) (weapon)
   (Xom gifted it to you on level 3 of the Dungeon)


   Skills:
 - Level 3.0 Fighting
 * Level 11.6 Polearms
 - Level 2.3 Dodging
 * Level 12.3 Invocations
 * Level 12.3 Evocations


You had 11 spell levels left.
You didn't know any spells.

Dungeon Overview and Level Annotations

Branches:
Dungeon (13/16)            Temple (1/1) D:5             Orc (0/4) D:11
   Lair (0/8) D:9

Altars:
Ashenzari
Elyvilon
Fedhas
Kikubaaqudgha
Makhleb
Nemelex Xobeh
Okawaru
Trog
Vehumet
Xom
Yredelemnul
Zin
the Shining One

Shops:
D:4 =   D:10 }

Portals:
Bailey: D:13


Innate Abilities, Weirdness & Mutations

You cannot wear most types of armour.
You are amphibious.
You can wear up to eight rings at the same time.
You can use your tentacles to constrict many enemies at once.
Your skin changes colour to match your surroundings (Stlth).
Your rubbery body absorbs attacks (AC +1).
One of your tentacles bears a spike.
Your body is slowly deteriorating.
You have a considerably increased reservoir of magic (+20% MP).
Your spells are a little harder to cast, but a little more powerful.


Message History

Press: ? - help, Shift-Dir - straight line, f - flail mimic, p - wandering mushroom
Aim: a flail mimic The narrow beam of energy hits the flail mimic.
You destroy the flail mimic!
Found 14 gold pieces and a long sword.
A centaur warrior comes into view.
You start resting.
Your rod of inaccuracy has recharged.
You hear the steady creaking of an oriflamme.
The centaur warrior shouts!
The centaur warrior wields a runed longbow.
It is covered in frost.
The centaur warrior shoots an arrow of frost.
The arrow of frost hits you!
You feel a terrible chill!
Ouch! That really hurt!
* * * LOW HITPOINT WARNING * * *
The centaur warrior shoots an arrow of frost.
The arrow of frost hits you!
You feel a terrible chill!
You die...
Fedhas appreciates your contribution to the ecosystem.

.. #.....#########
...#......#...#####..
..##......#...#####...
..##......#...#####.... H
......<...........(.....
∆
..).<...................
..)%)(..................
∆
.......).............c...
.............f..@........
∆
............fff..........
...............∩...$....
∆
.###.......)###....#####
. #.......####......### .
#.....)######.....##
#........####.....#
#........####...##
....)####...#


You could see a centaur warrior and 4 friendly wandering mushrooms.

Vanquished Creatures
  2 hydras
  Urug (D:10)
  An orc knight (D:7)
  3 hill giants
  Joseph (D:9)
  A cyclops (D:12)
  An item mimic (D:13)
  5 orc warriors
  Prince Ribbit (D:8)
  A formicid (shapeshifter) (D:6)
  2 wyverns (D:10)
  10 yaks
  Eustachio (D:6)
  Grum (D:8)
  4 wolves (D:8)
  A mottled dragon (D:8)
  A hill giant skeleton (D:8)
  2 ice beasts
  A black bear (D:11)
  A phantom (D:7)
  7 ogres
  6 centaurs
  Duvessa (D:6)
  A brain worm (D:12)
  2 giant frogs
  2 big kobolds
  An eye of draining (D:12)
  8 killer bees
  A yak skeleton (D:8)
  7 wights
  5 goliath beetles (D:12)
  5 crimson imps
  4 orc priests
  A jelly (D:5)
  3 hounds
  A big fish (Sewer)
  A giant frog skeleton (D:12)
  10 orc wizards
  4 iguanas
  9 worker ants
  Ijyb (D:3)
  2 ogre skeletons
  Terence (D:3)
  12 adders
  7 gnolls
  3 green rats (D:3)
  2 inept feature mimics (D:9)
  2 giant centipedes (D:12)
  5 giant mites
  2 worms
  An adder zombie (D:6)
  4 grey rats
  2 giant eyeballs
  4 giant geckos
  2 oozes (D:1)
  41 orcs
  14 bats
  16 hobgoblins
  18 jackals
  3 quokkas
  2 ball pythons
  15 giant cockroaches
  A giant gecko skeleton (D:7)
  A giant newt (D:3)
  10 goblins
  21 kobolds
  An orc zombie (D:9)
  22 rats
  A rat skeleton (D:6)
336 creatures vanquished.

Vanquished Creatures (collateral kills)
  Grinder (D:6)
  5 yaks
  2 hungry ghosts
  A hippogriff (D:7)
  2 sky beasts
  6 orc warriors
  An ice beast (D:6)
  3 jellies
  7 killer bees
  A wight (D:9)
  Dowan (D:6)
  2 crimson imps (D:6)
  2 goliath beetles
  A quasit (D:12)
  A scorpion (D:7)
  3 orc wizards
  2 worker ants
  A mottled dragon skeleton (D:12)
  28 orcs
  2 giant cockroaches (D:12)
  A bat (D:6)
  A rat (D:4)
  A butterfly (D:12)
75 creatures vanquished.

Vanquished Creatures (others)
  A necrophage (D:6)
  A fire crab zombie (D:13)
  An adder (D:7)
  A scorpion zombie (D:7)
  13 wandering mushrooms
  129 toadstools
146 creatures vanquished.

Grand Total: 557 creatures vanquished

Notes
Turn   | Place    | Note
--------------------------------------------------------------
     0 | D:1      | M4edhros, the Octopode Chaos Knight, began the quest for the Orb.
     0 | D:1      | Reached XP level 1. HP: 16/16 MP: 1/1
   110 | D:1      | Reached XP level 2. HP: 21/21 MP: 2/2
   327 | D:1      | Reached skill level 4 in Polearms
   331 | D:1      | Reached XP level 3. HP: 21/26 MP: 3/3
   535 | D:1      | XOM: cast spell 'Statue Form'
   791 | D:2      | Found an ancient bone altar of Kikubaaqudgha.
   813 | D:2      | XOM: god gift: dented steel amulet {god gift}
   844 | D:2      | XOM: 5-stop teleportation journey
   982 | D:2      | Reached XP level 4. HP: 31/31 MP: 4/4
  1152 | D:2      | Reached skill level 5 in Polearms
  1218 | D:2      | XOM: noise
  1357 | D:3      | Found a glowing drain.
  1377 | D:3      | Found a shattered altar of Ashenzari.
  1586 | Sewer    | Entered a sewer
  1602 | Sewer    | Reached XP level 5. HP: 25/36 MP: 5/5
  1724 | Sewer    | Noticed a big kobold
  1769 | Sewer    | XOM: polymorph jackal -> bat
  1977 | Sewer    | Killed a big kobold
  1977 | Sewer    | Reached skill level 6 in Polearms
  2198 | Sewer    | Found a white marble altar of Elyvilon.
  2232 | Sewer    | Gained mutation: Your muscles are strong. (Str +2) [potion of beneficial mutation]
  2285 | D:3      | Found a shimmering altar of Xom.
  2288 | D:3      | Noticed Terence
  2300 | D:3      | Killed Terence
  2300 | D:3      | Reached XP level 6. HP: 31/42 MP: 6/6
  2336 | D:3      | Noticed Ijyb
  2340 | D:3      | XOM: enchant monster (good)
  2344 | D:3      | Killed Ijyb
  2390 | D:3      | XOM: draining
  2646 | D:3      | XOM: god gift: long glowing rod {god gift}
  2648 | D:3      | Identified a +4 rod of inaccuracy (11/11) (Xom gifted it to you on level 3 of the Dungeon)
  2965 | D:4      | XOM: swap weapons
  3022 | D:4      | XOM: mild Divn miscast
  3026 | D:4      | Reached skill level 1 in Evocations
  3026 | D:4      | XOM: chaos upgrade
  3244 | D:3      | XOM: vitrification
  3392 | D:4      | XOM: summons 6 friendly demons
  3444 | D:4      | Found Xating's Jewellery Boutique.
  3444 | D:4      | XOM: 1-stop teleportation journey
  3509 | D:4      | XOM: confuse monster(s)
  3511 | D:4      | XOM: noise
  3513 | D:4      | Reached XP level 7. HP: 46/46 MP: 11/11
  3627 | D:4      | Reached skill level 7 in Polearms
  3947 | D:4      | Lost mutation: Your muscles are strong. (Str +2) [potion of cure mutation]
  3948 | D:4      | Paralysed by a potion of paralysis for 5 turns
  3960 | D:5      | Entered Level 5 of the Dungeon
  4070 | D:5      | XOM: colour smoke trail
  4362 | D:5      | Found a staircase to the Ecumenical Temple.
  4386 | Temple   | Entered the Ecumenical Temple
  4419 | Temple   | Fell from the grace of Xom
  4419 | Temple   | Became a worshipper of Fedhas Madash
  4743 | D:5      | Reached skill level 5 in Evocations
  4744 | D:5      | Acquired Fedhas' first power
  4898 | D:6      | Noticed Eustachio
  4919 | D:6      | Killed Eustachio
  4919 | D:6      | Reached XP level 8. HP: 23/52 MP: 13/15
  5244 | D:6      | Noticed Duvessa
  5299 | D:6      | Killed Duvessa
  5304 | D:6      | Noticed Dowan
  5310 | D:6      | Killed Dowan
  5345 | D:6      | Reached skill level 5 in Invocations
  5617 | D:6      | XOM: noise
  6116 | D:6      | Reached XP level 9. HP: 30/56 MP: 18/18
  6490 | D:6      | XOM: noise
  6532 | D:6      | XOM: enchant monster (good)
  6700 | D:6      | Noticed Grinder
  6708 | D:6      | Killed Grinder
  6708 | D:6      | Reached skill level 8 in Polearms
  6847 | D:7      | Found a glowing silver altar of Zin.
  7290 | D:7      | XOM: mild Necr miscast
  7498 | D:7      | Found a bloodstained altar of Trog.
  8435 | D:7      | XOM: swap weapons
  8450 | D:8      | Noticed Prince Ribbit
  8450 | D:8      | Noticed Grum
  9027 | D:9      | Reached skill level 9 in Invocations
  9027 | D:9      | Reached XP level 10. HP: 49/63 MP: 20/22
  9104 | D:9      | Found a staircase to the Lair.
  9202 | D:9      | Acquired Fedhas' second power
  9677 | D:9      | Noticed Joseph
  9694 | D:9      | Killed Joseph
  9972 | D:8      | Reached skill level 10 in Invocations
  9973 | D:8      | Killed Grum
 10013 | D:8      | Found an iron altar of Okawaru.
 10031 | D:8      | Killed Prince Ribbit
 10147 | D:8      | Gained mutation: Your spells are a little harder to cast, but a little more powerful. [potion of mutation]
 10147 | D:8      | Gained mutation: One of your tentacles bears a spike. [potion of mutation]
 10147 | D:8      | Gained mutation: You have an increased reservoir of magic (+10% MP). [potion of mutation]
 10277 | D:8      | Found a burning altar of Makhleb.
 10296 | D:8      | Got a slimy spear
 10297 | D:8      | Identified the +5,+4 spear of Parts Unknown {drain, *Tele +Inv MR++ Dex+1} (You found it on level 8 of the Dungeon)
 10468 | D:7      | Reached skill level 10 in Evocations
 10569 | D:10     | Entered Level 10 of the Dungeon
 10569 | D:10     | Noticed Urug
 10578 | D:10     | Killed Urug
 10578 | D:10     | Reached skill level 10 in Polearms
 10685 | D:10     | Reached XP level 11. HP: 67/67 MP: 27/27
 10801 | D:10     | Reached skill level 11 in Invocations
 10827 | D:10     | Acquired Fedhas' third power
 10921 | D:10     | Noticed a hill giant
 10924 | D:10     | Killed a hill giant
 11231 | D:10     | Found Eliurhosch's Gadget Boutique.
 11946 | D:11     | Noticed an eight-headed hydra
 11953 | D:11     | Killed an eight-headed hydra
 12093 | D:11     | Noticed a six-headed hydra
 12435 | D:11     | Found a staircase to the Orcish Mines.
 12772 | D:12     | Noticed a hill giant
 12781 | D:12     | Killed a hill giant
 12971 | D:12     | Noticed an eight-headed hydra
 12982 | D:12     | Killed an eight-headed hydra
 13042 | D:12     | Reached skill level 12 in Invocations
 13374 | D:12     | Gained mutation: You have a considerably increased reservoir of magic (+20% MP). [mutagenic meat]
 13375 | D:12     | Gained mutation: Your body is slowly deteriorating. [mutagenic meat]
 13390 | D:12     | Noticed a hill giant
 13397 | D:12     | Killed a hill giant
 13397 | D:12     | Reached XP level 12. HP: 72/72 MP: 29/32
 13400 | D:12     | Acquired Fedhas' fourth power
 13646 | D:13     | Found a flagged portal.
 13698 | D:13     | Shot with an arrow of frost by a centaur warrior

Action                   |  1- 3 |  4- 6 |  7- 9 | 10-12 || total
-------------------------+-------+-------+-------+-------++-------
Melee: Spear             |   103 |   170 |   327 |    26 ||   626
       Rod               |       |     8 |    18 |     6 ||    32
       Halberd           |       |       |    84 |   215 ||   299
Invok: Evolution         |       |       |     8 |     9 ||    17
       Sunlight          |       |       |       |    27 ||    27
Evoke: Rod               |       |     7 |    21 |    77 ||   105
       Wand              |       |     1 |    19 |     1 ||    21
       Deck              |       |       |       |     3 ||     3
  Use: Scroll            |     4 |     6 |     7 |     8 ||    25
       Potion            |       |     5 |    12 |     8 ||    25
 Stab: Sleeping          |     3 |     4 |     6 |     2 ||    15
       Paralysed         |     5 |     1 |    13 |     2 ||    21
       Petrifying        |     2 |       |     1 |       ||     3
       Confused          |       |       |     3 |     5 ||     8
